 Dungeon Crawl Stone Soup version 0.19-a0-1714-gcab94ab (webtiles) character file.

793 epen the Poker (level 8, -2/62 HPs)
             Began as a Formicid Monk on Sept 28, 2016.
             Slain by a gnoll
             ... wielding a +0 spear
              (6 damage)
             ... on level 4 of the Dungeon.
             The game lasted 00:06:38 (4370 turns).

epen the Poker (Formicid Monk)                      Turns: 4370, Time: 00:06:38

Health: -2/62      AC:  8    Str: 24    XL:     8   Next: 12%
Magic:  8/8        EV: 12    Int: 14    God:
Gold:   152        SH:  0    Dex: 16    Spells: 0 memorised, 7 levels left

rFire  . . .     SeeInvis +     y - +0 halberd
rCold  . . .     Gourm    .     p - +0 scale mail
rNeg   . . .     Faith    .     (no shield)
rPois  .         Spirit   .     (helmet unavailable)
rElec  .         Dismiss  .     (no cloak)
rCorr  .         Reflect  .     (no gloves)
MR     .....     Harm     .     (no boots)
Stlth  +.........               i - amulet of magic regeneration
                                (no ring)
                                g - +3 ring of dexterity

@: mighty, brilliant
A: permanent stasis, dig shafts and tunnels, four strong arms, antennae 3
a: Dig, Shaft Self


You were on level 4 of the Dungeon.
You were not hungry.

You visited 1 branch of the dungeon, and saw 4 of its levels.

You collected 152 gold pieces.

Inventory:

Hand Weapons
 a - a +0 spear
 r - a +3 scythe
 y - a +0 halberd (weapon)
Armour
 b - a +0 robe
 p - a +0 scale mail (worn)
Jewellery
 g - a +3 ring of dexterity (left hand)
 i - an amulet of magic regeneration (around neck)
Wands
 u - a wand of digging (0/24)
Scrolls
 e - 5 scrolls of identify {unknown}
 f - 5 scrolls of teleportation {unknown}
 k - 2 scrolls of amnesia {unknown}
 l - a scroll of remove curse {unknown}
 m - 2 scrolls of fear {unknown}
 o - 2 scrolls of noise {unknown}
 s - a scroll of immolation {unknown}
 t - a scroll of blinking {unknown}
 v - a scroll of recharging {unknown}
Potions
 d - a potion of cancellation
 q - a potion of magic {unknown}
 w - a potion of curing {unknown}
Comestibles
 c - 4 bread rations
 h - a beef jerky
 x - a meat ration
 z - a royal jelly
 A - 3 chunks of flesh


   Skills:
 + Level 5.0 Fighting
 * Level 5.9 Polearms
 * Level 5.3 Armour
 + Level 3.8 Dodging
 - Level 2.4 Stealth


You had 7 spell levels left.
You didn't know any spells.

Dungeon Overview and Level Annotations

Branches:
Dungeon (4/15)
 Temple: D:4-7

Altars:

Annotations:
D:3 Grinder


Innate Abilities, Weirdness & Mutations

You are under a permanent stasis effect.
You can dig through walls and to a lower floor.
Your four strong arms can wield two-handed weapons with a shield.
You have a pair of large antennae on your head. (SInv)


Message History

The gnoll barely misses you.
The gnoll hits you but does no damage. x2
It was a potion of might.
You feel very mighty all of a sudden. The gnoll closely misses you.
The gnoll completely misses you.
You hit the gnoll.
The gnoll is heavily wounded.
The gnoll barely misses you. x2
The gnoll hits you from afar with a spear.
* * * LOW HITPOINT WARNING * * *
The gnoll closely misses you.
You completely miss the gnoll.
The gnoll is heavily wounded.
The gnoll is no longer moving quickly.
The gnoll hits you but does no damage. The gnoll barely misses you.
The gnoll hits you from afar with a spear.
* * * LOW HITPOINT WARNING * * *
The gnoll closely misses you. The gnoll misses you.
The gnoll hits you from afar with a spear.
You die...

########.#########.# .
####.#### ##.## .# #.......#
#...# #.......### #...#
######.........# #...#
...............###...#####
...###(......#...........###
#....(............g........#
...##........#..@.g......#.#
...###.........###...#####g#
##.............##.###.# #.#
#####.......####.# #.#
#g###### ###...### #.###.#
#...g).. ########...#
##...############
..........##
##...###.......# ..#########
####.#.#.##.#####.# ...#
#######......##.#.#####.#


You could see 2 gnolls.

Vanquished Creatures
  Sigmund (D:2)
  Menkaure (D:4)
  A scorpion (D:4)
  A crimson imp (D:4)
  A bullfrog skeleton (D:4)
  An orc wizard (D:3)
  An orc priest (D:4)
  A gnoll shaman (D:4)
  A hound (D:4)
  An iguana (D:4)
  A worker ant (D:4)
  10 gnolls (D:4)
  4 adders
  An ooze (D:2)
  3 worms
  A dart slug (D:1)
  A leopard gecko (D:3)
  12 orcs
  4 giant cockroaches
  8 goblins
  6 hobgoblins
  3 jackals (D:1)
  3 kobolds (D:1)
  2 ball pythons
  5 bats
  5 frilled lizards
  2 leopard gecko skeletons
  11 rats
92 creatures vanquished.

Notes
Turn   | Place    | Note
-------+----------+-------------------------------------------
     0 | D:1      | epen the Formicid Monk began the quest for the Orb.
     0 | D:1      | Reached XP level 1. HP: 18/18 MP: 1/1
   115 | D:1      | Reached XP level 2. HP: 18/24 MP: 2/2
   415 | D:1      | Reached skill level 1 in Armour
   745 | D:1      | Reached XP level 3. HP: 19/29 MP: 3/3
  1351 | D:2      | Reached XP level 4. HP: 10/37 MP: 4/4
  1684 | D:2      | Noticed Sigmund
  2267 | D:3      | Reached XP level 5. HP: 25/42 MP: 5/5
  2674 | D:3      | Noticed Grinder
  2710 | D:2      | Killed Sigmund
  2710 | D:2      | Reached XP level 6. HP: 12/49 MP: 6/6
  2949 | D:2      | Noticed an orc warrior
  3282 | D:2      | You fall through a shaft for 2 floors!
  3510 | D:4      | Reached XP level 7. HP: 55/55 MP: 7/7
  3514 | D:4      | Reached skill level 5 in Polearms
  3802 | D:4      | Noticed Menkaure
  3810 | D:4      | Killed Menkaure
  3881 | D:4      | Reached skill level 5 in Armour
  3893 | D:4      | Reached XP level 8. HP: 7/61 MP: 8/8
  4348 | D:4      | Reached skill level 5 in Fighting
  4362 | D:4      | HP: 2/62 [gnoll/spear (2)]
  4370 | D:4      | Slain by a gnoll

Vault maps used:
D:1:      tarquinn_simple_flora_water_c
D:2:      wad_pebble_path, uniq_sigmund
D:3:      uniq_crazy_yiuf_cottage, uniq_grinder
D:4:      first_bread, corexii_hall_statues_s, uniq_menkaure

Skill      XL: |  1  2  3  4  5  6  7  8 |
---------------+-------------------------+-----
Armour         | 1 2 3 5 |  5.3
Polearms       | 4 5 |  5.9
Dodging        | 3 |  3.8
Fighting       | 4 5 |  5.0
Stealth        | |  2.4

Action                   |  1- 3 |  4- 6 |  7- 9 || total
-------------------------+-------+-------+-------++-------
Melee: Spear             |   158 |   161 |       ||   319
       Scythe            |       |    28 |    14 ||    42
       Halberd           |       |       |    95 ||    95
 Abil: Dig               |       |     2 |     1 ||     3
       Shaft Self        |       |     1 |       ||     1
  Use: Potion            |       |       |     4 ||     4
 Stab: Sleeping          |     5 |     1 |       ||     6
  Eat: Chunk             |     1 |     3 |     4 ||     8
       Bread ration      |       |     1 |       ||     1
Armor: Robe              |    20 |    41 |       ||    61
       Scale mail        |       |    64 |    38 ||   102
Dodge: Dodged            |    71 |   149 |    70 ||   290
